cohdb
Replays
Latest Replays
All Replays
Popular Replays
Top Player Replays
Match Explorer
How It Works
Community
CoH3 Stats
Reddit
Sign in to upload your games and track your stats! →
Sign in with Steam
Match 42974084
Unlisted
Match 42974084
Overview
Messages
Build Orders
End
Kettenkrad Recon Vehicle
Construct Infanterie Kompanie
Selects Terror Battlegroup
Selects Machine Gun Camouflage
Grenadier Squad
MG 42 Machine Gun Team
GrW 34 Mortar Team
Grenadier Squad
Construct Luftwaffe Kompanie
GrW 34 Mortar Team
Support Elements
Selects Defend the Fatherland
Wirbelwind Flakpanzer
Jäger Squad
Jäger Squad
Jäger Squad
Luftwaffe Officer Quarters
Medical Station
Flak 30 Anti-aircraft Gun Team
Side Skirts
Jäger Squad
Construct Panzer Kompanie
Panzer IV Medium Tank
wizard
NorthKorean Tiger
Armbbking
ßoo
86DRIFT3R
デカ尻 Addict
0
0
Comments
sign in to comment!
No comments posted yet!